 Dungeon Crawl Stone Soup version 0.30-a0-862-g1aabd4f9c5 (webtiles) character file.

Game seed: 4274852786607665549

140 NinjaNoafa the Conjurer (level 5, -8/37 HPs)
             Began as a Gnoll Conjurer on Mar 9, 2023.
             Mangled by an orc warrior
             ... wielding a +0 trident
              (10 damage)
             ... on level 6 of the Dungeon.
             The game lasted 00:07:15 (2074 turns).

NinjaNoafa the Conjurer (Gnoll Conjurer)            Turns: 2074, Time: 00:07:16

Health: -8/37      AC:  3    Str:  6    XL:     5   Next: 22%
Magic:  7/12       EV: 12    Int: 26    God:
Gold:   84         SH:  3    Dex: 10    Spells: 11/14 levels left

rFire   . . .      SeeInvis .    t - +3 dagger
rCold   . . .      Faith    .    r - +0 buckler
rNeg    . . .      Spirit   .    a - +0 robe
rPois   .          Reflect  .    k - +0 helmet
rElec   .          Rampage  .    (no cloak)
rCorr   .                        (no gloves)
Will    .....                    (no boots)
Stlth   ++                       (no amulet)
HPRegen 0.26/turn                d - +6 ring of intelligence
MPRegen 0.13/turn                (no ring)

@: no status effects
A: fangs 1, strong nose, distributed training
a: no special abilities


You were on level 6 of the Dungeon.
You visited 1 branch of the dungeon, and saw 4 of its levels.

You collected 194 gold pieces.
You spent 110 gold pieces at shops.

Inventory:

Hand Weapons
 t - a +3 dagger (weapon)
Missiles
 e - a silver boomerang
Armour
 a - a +0 robe (worn)
 k - a +0 helmet (worn)
 r - a +0 buckler (worn)
Magical Staves
 f - a staff of earth
Jewellery
 d - a +6 ring of intelligence (left hand)
Wands
 u - a wand of mindburst (13)
Scrolls
 c - 2 scrolls of poison
 g - a scroll of enchant weapon {unknown}
 h - a scroll of vulnerability {unknown}
 i - 2 scrolls of blinking {unknown}
 l - 2 scrolls of identify {unknown}
 o - a scroll of fear {unknown}
 s - a scroll of fog {unknown}
Potions
 b - a potion of magic
 j - 2 potions of curing {unknown}
 m - a potion of invisibility {unknown}
 n - a potion of flight {unknown}
 p - a potion of cancellation {unknown}
 q - a potion of heal wounds {unknown}
 v - a potion of attraction {unknown}


   Skills:
 + Level 1.4 Fighting
 + Level 1.4 Short Blades
 + Level 1.4 Long Blades
 + Level 1.4 Axes
 + Level 1.4 Maces & Flails
 + Level 1.4 Polearms
 + Level 1.4 Staves
 + Level 1.4 Ranged Weapons
 + Level 1.4 Throwing
 + Level 1.4 Armour
 + Level 4.8 Dodging
 + Level 4.4 Stealth
 + Level 1.4 Shields
 + Level 1.4 Unarmed Combat
 + Level 5.2 Spellcasting
 + Level 7.2 Conjurations
 + Level 1.1 Hexes
 + Level 1.1 Summonings
 + Level 1.1 Necromancy
 + Level 1.1 Translocations
 + Level 1.1 Transmutations
 + Level 1.1 Fire Magic
 + Level 1.1 Ice Magic
 + Level 1.1 Air Magic
 + Level 1.1 Earth Magic
 + Level 1.1 Poison Magic
 + Level 1.6 Invocations
 + Level 1.4 Evocations


You had 11 spell levels left.
You knew the following spells:

 Your Spells              Type           Power      Damage    Failure   Level
a - Magic Dart            Conj           100%       1d8       1%          1
b - Searing Ray           Conj           88%        2d7       1%          2

Your spell library contained the following spells:

 Spells                   Type           Power      Damage    Failure   Level
 Dazzling Flash           Conj/Hex       56%        N/A       5%          3
 Slow                     Hex            48%        N/A       6%          1
 Ensorcelled Hibernation  Hex/Ice        24%        N/A       10%         2
 Passwall                 Tmut/Erth      10%        N/A       10%         2
 Fulminant Prism          Conj/Hex       14%        3d8       17%         4
 Iskenderun's Mystic Bla  Conj/Tloc      28%        2d7       17%         4
 Confusing Touch          Hex            12%        N/A       19%         3
 Spider Form              Tmut/Pois      12%        N/A       19%         3
 Swiftness                Air            12%        N/A       19%         3
 Vampiric Draining        Necr           12%        2d6       19%         3
 Anguish                  Hex/Necr       6%         N/A       52%         4


Dungeon Overview and Level Annotations

Branches:
Dungeon (6/15)
 Temple: D:4-7

Altars:
Dithmenos

Shops:
D:1 =   D:3 *

Annotations:
D:2 1 runed translucent door, Crazy Yiuf
D:3 1 transporter, CowFu's ghost, weakling KoHs


Innate Abilities, Weirdness & Mutations

You have very sharp teeth.
Your uncanny sense of smell can sniff out nearby items.
Your experience applies equally to all skills.


Message History

You kill the adder!
You feel sick.
You feel sick.
A puff of flame appears from out of thin air!
You block the puff of flame.
You feel sick.
You feel sick.
You are no longer poisoned.
A magic dart appears from out of thin air!
The magic dart hits you!
* * * LOW HITPOINT WARNING * * *
You hear the rusting of a distant drain.
You see here a +0 robe.
Found a stone staircase leading down.
Found a sedimented sapphire potion.
You see here a sedimented sapphire potion.
There is a stone staircase leading down here.
You see here a sedimented sapphire potion.
v - a sedimented sapphire potion The orc warrior hits you from afar with a +0 trident!
* * * LOW HITPOINT WARNING * * *
Casting: Searing Ray (safe; 1% risk of failure)
Confirm with . or Enter, or press ? or * to list all spells.
Aiming: Searing Ray (safe; 1% risk of failure)
Press: ? - help, Shift-Dir - straight line, f - orc warrior
Aim: an orc warrior, wielding a +0 trident and wearing a +0 chain mail (80% to hit)
The searing ray hits the orc warrior.
The orc warrior is lightly wounded. (Press . to maintain the ray.)
You block the orc warrior's attack.
The searing ray misses the orc warrior.
The orc warrior barely misses you.
The searing ray hits the orc warrior!
The orc warrior is severely wounded.
The orc warrior hits you from afar with a +0 trident!
* * * LOW HITPOINT WARNING * * *
The searing ray hits the orc warrior but does no damage.
The orc warrior is severely wounded.
You finish channelling your searing ray.
The orc warrior hits you from afar with a +0 trident!
You die...

##...### #..#.. ##
##.o### #..#.. #.#
#..## ##..#. #..#
##.## #..##
#..##.## ##.##
#..#.## #..# ##.##
##.# ####..#######
#.. #.....##@...###
#..
#...##..#.......#
##. .##
#..o>........ #.
##........... ##
.#### ##..........
# .....#
#.......... #
......####........#
#
.........##......##
..............####


You could see an orc warrior.

Vanquished Creatures
  A jelly (D:6)
  An orc wizard (D:6)
  3 adders
  A white imp (D:6)
  A worm (D:2)
  A dart slug (D:2)
  2 orcs (D:6)
  5 ball pythons
  2 bats (D:1)
  3 endoplasms
  4 giant cockroaches
  4 hobgoblins
  3 jackals (D:3)
  2 quokkas
  3 goblins
  4 kobolds
  4 rats
44 creatures vanquished.

Notes
Turn   | Place    | Note
-------+----------+-------------------------------------------
     0 | D:1      | NinjaNoafa the Gnoll Conjurer began the quest for the Orb.
     0 | D:1      | Reached XP level 1. HP: 13/13 MP: 6/6
   196 | D:1      | Reached XP level 2. HP: 19/19 MP: 4/7
   247 | D:1      | Found Hoerghimi's Jewellery Boutique.
   353 | D:1      | Learned a level 2 spell: Searing Ray
   804 | D:2      | Found a shadowy altar of Dithmenos.
   842 | D:2      | Found a runed translucent door.
   843 | D:2      | Noticed Crazy Yiuf
   995 | D:2      | Reached skill level 5 in Spellcasting
   995 | D:2      | Reached XP level 3. HP: 25/25 MP: 3/9
  1088 | D:2      | Found a faded altar of an unknown god.
  1448 | D:3      | Reached skill level 1 in Invocations
  1452 | D:3      | Noticed CowFu's ghost (weakling KoHs)
  1453 | D:3      | Found a transporter.
  1543 | D:3      | Reached skill level 1 in Fighting
  1543 | D:3      | Reached skill level 1 in Short Blades
  1543 | D:3      | Reached skill level 1 in Long Blades
  1543 | D:3      | Reached skill level 1 in Axes
  1543 | D:3      | Reached skill level 1 in Maces & Flails
  1543 | D:3      | Reached skill level 1 in Polearms
  1543 | D:3      | Reached skill level 1 in Staves
  1543 | D:3      | Reached skill level 1 in Ranged Weapons
  1543 | D:3      | Reached skill level 1 in Throwing
  1543 | D:3      | Reached skill level 1 in Armour
  1543 | D:3      | Reached skill level 1 in Shields
  1543 | D:3      | Reached skill level 1 in Unarmed Combat
  1543 | D:3      | Reached skill level 1 in Evocations
  1626 | D:3      | Reached XP level 4. HP: 32/32 MP: 9/11
  1672 | D:3      | Found Tesilips's General Store.
  1677 | D:3      | Bought a scroll of poison for 52 gold pieces
  1677 | D:3      | Bought a +0 buckler for 58 gold pieces
  1775 | D:3      | You fall into a shaft and drop 3 floors!
  1809 | D:6      | Reached skill level 1 in Hexes
  1809 | D:6      | Reached skill level 1 in Summonings
  1809 | D:6      | Reached skill level 1 in Necromancy
  1809 | D:6      | Reached skill level 1 in Translocations
  1809 | D:6      | Reached skill level 1 in Transmutations
  1809 | D:6      | Reached skill level 1 in Fire Magic
  1809 | D:6      | Reached skill level 1 in Ice Magic
  1809 | D:6      | Reached skill level 1 in Air Magic
  1809 | D:6      | Reached skill level 1 in Earth Magic
  1809 | D:6      | Reached skill level 1 in Poison Magic
  1820 | D:6      | Reached XP level 5. HP: 34/37 MP: 4/12
  2011 | D:6      | Noticed an orc warrior
  2074 | D:6      | Mangled by an orc warrior

Illustrated notes

Levels and vault maps discovered:
D:1:      ncdulo_wetmaze, layout_loops_ring, serial_shops, nicolae_diamond_shop
D:2:      layout_loops_ring, basic_altar, ebering_ecumenical_altar_abandoned,
          kennysheep_small_spiral, uniq_crazy_yiuf_cottage
D:3:      layout_loops_ring, serial_shops, nicolae_shop_behind_doors,
          gammafunk_ghost_stat_death
D:6:      layout_cave_pods, cheibrodos_sewer_entry_drain

Skill      XL: |  1  2  3  4 |
---------------+-------------+-----
Spellcasting   | 5 |  5.2
Invocations    | 1 |  1.6
Fighting       | 1 |  1.4
Short Blades   | 1 |  1.4
Long Blades    | 1 |  1.4
Axes           | 1 |  1.4
Maces & Flails | 1 |  1.4
Polearms       | 1 |  1.4
Staves         | 1 |  1.4
Ranged Weapons | 1 |  1.4
Throwing       | 1 |  1.4
Armour         | 1 |  1.4
Shields        | 1 |  1.4
Unarmed Combat | 1 |  1.4
Evocations     | 1 |  1.4
Hexes          | 1 |  1.1
Summonings     | 1 |  1.1
Necromancy     | 1 |  1.1
Translocations | 1 |  1.1
Transmutations | 1 |  1.1
Fire Magic     | 1 |  1.1
Ice Magic      | 1 |  1.1
Air Magic      | 1 |  1.1
Earth Magic    | 1 |  1.1
Poison Magic   | 1 |  1.1
Dodging        | |  4.8
Stealth        | |  4.4
Conjurations   | |  7.2

Action                     |  1- 3 |  4- 6 || total
---------------------------+-------+-------++-------
  Melee: Unarmed           |     9 |       ||     9
         Bite              |     2 |       ||     2
         Dagger            |     5 |     1 ||     6
   Cast: Magic Dart        |    64 |     5 ||    69
         Searing Ray       |     4 |     6 ||    10
 Armour: Robe              |     6 |       ||     6
  Dodge: Dodged            |    20 |     6 ||    26
  Block: Buckler           |       |     3 ||     3

Table legend: (Time is in decaauts)
 A = Elapsed time spent in this place.
 B = Non-inter-level travel time spent in this place.
 C = Inter-level travel time spent in this place.
 D = Time resting spent in this place.
 E = Time spent auto-exploring this place.
 F = Levels seen in this place.
 G = Mean time per level.
                   A        B        C        D        E       F      G
               +--------+--------+--------+--------+--------+-----+--------+
         Total |   2077 |   1978 |     99 |      0 |    711 |   4 |  519.2 |
       Dungeon |   2077 |   1978 |     99 |      0 |    711 |   4 |  519.2 |
               +--------+--------+--------+--------+--------+-----+--------+

Top non-repeatable levels by time:
     D:2: 760 daAuts
     D:1: 686 daAuts
     D:3: 333 daAuts
     D:6: 298 daAuts
